[Event "Team 45 45 League T31"]
[Site "Internet Chess Club"]
[Date "2006.07.08"]
[Round "3"]
[White "adingod"]
[Black "onslaught"]
[Result "1-0"]
[WhiteElo "1996"]
[BlackElo "2064"]
[TimeControl "2700+45"]

1. d4 d5 2. Nc3 Nf6 3. Bg5 e6 4. Nf3 Be7 5. Bxf6 Bxf6 6. e4 O-O 7. Bd3 c5 8. e5
Be7 9. h4 f6 10. Ng5 fxg5 11. Qh5 h6 12. Qg6 Rf5 13. g4 Rf4 14. Qh7+ Kf8 15. Bg6
Bf6 16. Qh8+ Ke7 17. exf6+ gxf6 18. Qg7+ Kd6 19. hxg5 {Black resigns} 1-0  aics%

[Event "Team 45 45 League T31"]
[Site "Internet Chess Club"]
[Date "2006.07.09"]
[Round "3"]
[White "jonesey"]
[Black "Squaredance"]
[Result "1/2-1/2"]
[WhiteElo "1997"]
[BlackElo "1914"]
[TimeControl "2700+45"]

1. e4 d5 2. exd5 Qxd5 3. Nc3 Qa5 4. d4 Nf6 5. Nf3 Ne4 6. Bd3 Nxc3 7. bxc3 g6 8.
O-O Bg7 9. Re1 O-O 10. Rxe7 Nc6 11. Re1 Qxc3 12. Bd2 Qa3 13. c3 Nxd4 14. Nxd4
Bxd4 15. cxd4 Qxd3 16. Bh6 Qxd1 17. Raxd1 Rd8 18. Bg5 Rd5 19. Re8+ Kg7 20. Bf4
c6 21. Rde1 g5 22. Bg3 c5 23. dxc5 Rxc5 24. f4 gxf4 25. Bxf4 b5 26. R1e7 Bb7 27.
Rxa8 Bxa8 28. Rxa7 {Game drawn by mutual agreement} 1/2-1/2  aics%

[Event "Team 45 45 League T31"]
[Site "Internet Chess Club"]
[Date "2006.07.07"]
[Round "3"]
[White "JaiHanuman"]
[Black "JudokaUsa"]
[Result "1-0"]
[WhiteElo "1898"]
[BlackElo "1862"]
[TimeControl "2700+45"]

1. e4 e5 2. Nf3 Nc6 3. Bc4 Nf6 4. d4 exd4 5. O-O d5 6. exd5 Nxd5 7. Nxd4 Be7 8.
Nxc6 bxc6 9. Qf3 O-O 10. Re1 Bf6 11. Nd2 Rb8 12. c3 g6 13. Ne4 Bg7 14. Bg5 f6
15. Be3 Kh8 16. Rad1 Qd7 17. Bc5 Re8 18. Bxd5 cxd5 19. Nxf6 Rxe1+ 20. Rxe1
{Black resigns} 1-0  aics%

[Event "Team 45 45 League T31"]
[Site "Internet Chess Club"]
[Date "2006.07.09"]
[Round "3"]
[White "siddhu"]
[Black "Knightstorm57"]
[Result "1/2-1/2"]
[WhiteElo "1742"]
[BlackElo "1819"]
[TimeControl "2700+45"]

1. e4 g6 2. d4 Bg7 3. Nf3 d6 4. c3 Nf6 5. Qc2 O-O 6. Be2 Nbd7 7. Bf4 Nh5 8. Bg3
e5 9. dxe5 dxe5 10. Nbd2 c6 11. Nc4 b5 12. Ncxe5 Nxg3 13. Nxc6 Qf6 14. hxg3 Qxc6
15. Qd3 Nc5 16. Qxb5 Qxb5 17. Bxb5 Nxe4 18. Bc6 Rb8 19. Bxe4 Re8 20. O-O-O Rxe4
21. Rd8+ Bf8 22. Ng5 Re2 23. Nxh7 Rexb2 24. Nf6+ {Game drawn by mutual
agreement} 1/2-1/2  aics%

[Event "Team 45 45 League T31"]
[Site "Internet Chess Club"]
[Date "2006.07.09"]
[Round "3"]
[White "SkinnyPuppy"]
[Black "Legal"]
[Result "1-0"]
[WhiteElo "2144"]
[BlackElo "2065"]
[TimeControl "2700+45"]

1. e4 d5 2. exd5 Nf6 3. Bb5+ Bd7 4. Be2 Nxd5 5. d4 Bf5 6. a3 e6 7. Nf3 Be7 8.
O-O O-O 9. c4 Nf6 10. Nc3 c6 11. Nh4 Bg6 12. f4 Ne8 13. Nxg6 hxg6 14. d5 exd5
15. cxd5 Nf6 16. Bf3 cxd5 17. Be3 Nc6 18. Nxd5 Nxd5 19. Bxd5 Bf6 20. Rf2 Qc7 21.
Rc1 Rad8 22. Qf3 Rfe8 23. Bxa7 Qa5 24. Bxc6 bxc6 25. Bc5 Re1+ 26. Rxe1 Qxe1+ 27.
Rf1 Qd2 28. b4 Rd5 29. h3 Qd3 30. Qxd3 Rxd3 31. a4 Bd4+ 32. Bxd4 Rxd4 33. Rb1 c5
34. bxc5 Rc4 35. Ra1 Rxc5 36. a5 Rc7 37. a6 Ra7 38. Kf2 Kf8 39. Ke3 Ke7 40. Kd4
Kd6 41. Kc4 Kc6 42. g4 Kb6 43. Kb4 Kc7 44. Kb5 Kb8 45. Re1 Rd7 46. Kc6 Rd3 47.
Re7 Rxh3 48. Rxf7 Ra3 49. Rxg7 Ra4 50. Rg8+ Ka7 51. Kd7 Rxa6 52. Ke7 Ra4 53. Rf8
g5 54. fxg5 Rxg4 55. Kf6 Rg1 56. g6 Rf1+ 57. Kg7 Rg1 58. Kh7 Rh1+ 59. Kg8 Kb7
60. g7 Kc7 61. Rf5 Rd1 62. Kh7 Rh1+ 63. Kg6 Rg1+ 64. Rg5 {Black resigns} 1-0 
aics%

[Event "Team 45 45 League T31"]
[Site "Internet Chess Club"]
[Date "2006.07.09"]
[Round "3"]
[White "beer2337"]
[Black "PvsNP"]
[Result "1-0"]
[WhiteElo "1971"]
[BlackElo "1910"]
[TimeControl "2700+45"]

1. e4 e5 2. Nf3 Nc6 3. Bb5 Nd4 4. Nxd4 exd4 5. O-O c6 6. Bc4 d6 7. c3 dxc3 8.
Qb3 Qc7 9. a4 Nf6 10. Nxc3 Be7 11. Bxf7+ Kd8 12. d4 Ng4 13. Be6 h5 14. Bxc8 Rxc8
15. d5 Bf6 16. dxc6 bxc6 17. Bf4 Ne5 18. Qe6 Re8 19. Qf5 Qf7 20. Rfd1 Kc7 21.
Rac1 Re6 22. Nb5+ Kb8 23. Nxd6 Rxd6 24. Rxd6 Re8 25. Rc5 Qa2 26. h3 Qxb2 27.
Rdxc6 Qa1+ 28. Kh2 Kb7 29. Re6 Rxe6 30. Qxe6 {Black resigns} 1-0

[Event "Team 45 45 League T31"]
[Site "Internet Chess Club"]
[Date "2006.07.08"]
[Round "3"]
[White "Chief-Justice"]
[Black "narog"]
[Result "1-0"]
[WhiteElo "1907"]
[BlackElo "2061"]
[TimeControl "2700+45"]

1. d4 f5 2. c4 Nf6 3. Nc3 d6 4. Nf3 g6 5. g3 Bg7 6. Bg2 O-O 7. O-O c6 8. Re1 a5
9. d5 Na6 10. Ng5 c5 11. a3 Nc7 12. Qc2 Rb8 13. a4 h6 14. Nf3 Nh5 15. Nh4 g5 16.
Nf3 Qe8 17. e4 f4 18. e5 Qf7 19. e6 Qf6 20. g4 Nxe6 21. dxe6 Bxe6 22. gxh5 Bf7
23. Nd5 Bxd5 24. cxd5 g4 25. Re6 Qf7 26. Nh4 Qxh5 27. Ng6 g3 28. hxg3 fxg3 29.
Nxe7+ Kh8 30. Ng6+ Kg8 31. fxg3 Bd4+ 32. Be3 Bxe3+ 33. Rxe3 Rf7 34. Rae1 Kg7 35.
Re6 Qg5 36. Qc3+ Rf6 37. Rxf6 Qxf6 38. Re7+ Kxg6 39. Re6 Rf8 40. Rxf6+ Rxf6 41.
Qe3 {Black resigns} 1-0  aics%  LuxAeterna(71): si estás obligado a jugar
contra elos altos y bajos, solo ganando a todos puedes obtener más elo aics%

[Event "Team 45 45 League T31"]
[Site "Internet Chess Club"]
[Date "2006.07.08"]
[Round "3"]
[White "SpikeyJ"]
[Black "crispin"]
[Result "1-0"]
[WhiteElo "1991"]
[BlackElo "1796"]
[TimeControl "2700+45"]

1. c4 c6 2. g3 Nf6 3. Nf3 d5 4. Bg2 Bf5 5. cxd5 cxd5 6. Qb3 Qc7 7. Nc3 e6 8. d3
Nc6 9. Bf4 Bd6 10. Bd2 Be7 11. O-O O-O 12. Rac1 a6 13. Bf4 Bd6 14. Be3 Bg4 15.
Na4 Qe7 16. Nb6 Rab8 17. Qa4 Nd7 18. Qxg4 Nf6 19. Qa4 Bc7 20. Bc5 Qd8 21. Bxf8
Qxf8 22. Nxd5 Nxd5 23. a3 Qd6 24. Rfd1 f5 25. Rd2 Na5 26. e4 b5 27. Qd1 Ne7 28.
e5 Qb6 29. b4 Nac6 30. Rdc2 Bxe5 31. Nxe5 Nxe5 32. d4 Nc4 33. Rc3 Rd8 34. Rxc4
bxc4 35. Rxc4 Nd5 36. Qb3 a5 37. b5 Nc7 38. a4 Rxd4 39. Rxd4 Qxd4 40. b6 Na6 41.
Qxe6+ Kf8 42. Bd5 Qa1+ 43. Kg2 Qf6 44. Qc8+ Ke7 45. Qxa6 Qd6 46. Qxa5 {Black
resigns} 1-0  aics%